 Dungeon Crawl Stone Soup version 0.21-a0-632-g1e37ce5 (webtiles) character file.

617976 shenanigans the Pyromancer (level 27, -8/218 HPs)
             Began as a Barachi Skald on Dec 27, 2017.
             Was a Priest of Makhleb.
             Mangled by a titan (26 damage)
             ... created by the fury of Okawaru
             ... on level 5 of the Vaults on Dec 28, 2017.
             The game lasted 04:46:46 (68959 turns).

shenanigans the Pyromancer (Barachi Skald)         Turns: 68959, Time: 04:46:46

Health: -8/218     AC: 30    Str: 20    XL:     27
Magic:  32/48      EV: 24    Int: 30    God:    Makhleb [***...]
Gold:   4194       SH: 20    Dex: 17    Spells: 56/68 levels left

rFire    . . .     SeeInvis +   a - +9 broad axe (vamp)
rCold    . . .     Gourm    .   M - +2 shield {AC+3}
rNeg     + . .     Faith    .   W - +1 plate armour of the Kangaroo {rElec}
rPois    +         Spirit   .   E - +1 hat {MR+}
rElec    +         Reflect  +   w - +0 cloak
rCorr    .         Harm     .   o - +2 pair of gloves {Dex+3}
MR       +++++                  S - +0 pair of boots of the Black Moon {rPois Str+6}
Stlth    ..........             p - amulet "Ekevuez" {Reflect MR++ SH+3}
HPRegen  0.46/turn              A - ring of positive energy
MPRegen  0.31/turn              B - +6 ring of evasion

@: brilliant, studying Spellcasting, slow
A: +LOS, swims, horns 1, talons 1, rugged brown scales 1, see invisible, clever
1, slowness 1, strong legs 2
}: 4/15 runes: decaying, serpentine, slimy, silver
a: Hop, Minor Destruction, Lesser Servant of Makhleb, Renounce Religion


You were on level 5 of the Vaults.
You worshipped Makhleb.
Makhleb was most pleased with you.
You were near starving.

You visited 10 branches of the dungeon, and saw 50 of its levels.
You also visited: Sewer and Ice Cave.

You collected 5949 gold pieces.
You spent 1755 gold pieces at shops.

Inventory:

Hand Weapons
 a - a +9 vampiric broad axe (weapon)
 b - a +4 broad axe of flaming
 c - the +7 broad axe of the Evil Eye {antimagic, rF+ rC+ Dex+4}
   (Okawaru gifted it to you on level 11 of the Dungeon)

   It reduces the magical energy of the wielder, and disrupts the spells and
   magical abilities of those hit.
   Natural abilities and divine invocations are not affected.
   It affects your dexterity (+4).
   It protects you from fire.
   It protects you from cold.
 d - a +1 broad axe of chopping
 L - a +5 sacred scourge of holy wrath
Armour
 e - the +8 chain mail of Paranoia {rC++ MR- Stlth+}
   (Okawaru gifted it to you on level 4 of the Vaults)

   It greatly protects you from cold.
   It affects your resistance to hostile enchantments.
   It makes you more stealthy.
 o - a +2 pair of gloves of dexterity (worn)
 w - a +0 cloak (worn)
 x - a +2 pair of boots
 E - a +1 hat of magic resistance (worn)
 M - a +2 shield of protection (worn)
 S - the +0 pair of boots of the Black Moon (worn) {rPois Str+6}
   (You bought it in a shop on level 5 of the Dungeon)

   It affects your strength (+6).
   It protects you from poison.
 T - the +14 plate armour "Igucamon" {rF+ Int+2 Dex-2 SInv}
   (You took it off a deep elf high priest on level 2 of the Elven Halls)

   It affects your intelligence (+2).
   It affects your dexterity (-2).
   It protects you from fire.
   It lets you see invisible.
 W - the +1 plate armour of the Kangaroo (worn) {rElec}
   (You bought it in a shop on level 5 of the Dungeon)

   It insulates you from electricity.
Jewellery
 p - the amulet "Ekevuez" (around neck) {Reflect MR++ SH+3}
   (You took it off a deep elf mage on level 2 of the Elven Halls)

   [amulet of reflection]

   It shields you and reflects attacks.
   It affects your resistance to hostile enchantments.
   It affects your SH (+3).
 v - an uncursed ring of protection from cold
 y - an uncursed amulet of faith
 A - a ring of positive energy (left hand)
 B - a +6 ring of evasion (right hand)
 N - an uncursed ring of fire
 P - an uncursed ring of poison resistance
 R - an uncursed ring of protection from magic
 Z - an uncursed ring of resist corrosion
Wands
 D - a wand of paralysis (76)
 U - a wand of acid (39)
Scrolls
 f - 7 scrolls of enchant weapon
 i - 5 scrolls of identify
 j - 4 scrolls of blinking
 k - 13 scrolls of teleportation
 m - 10 scrolls of amnesia
 t - a scroll of holy word
 u - 5 scrolls of fog
 C - a scroll of silence
 H - 10 scrolls of enchant armour
 I - 2 scrolls of summoning
 K - 9 scrolls of fear
 X - 22 scrolls of remove curse
Potions
 g - 3 potions of mutation
 h - a potion of might
 n - 7 potions of flight
 r - 8 potions of curing
 s - 4 potions of cancellation
 z - a potion of haste
 F - 2 potions of agility
 J - 2 potions of ambrosia
 O - a potion of resistance
 Q - 4 potions of berserk rage
 V - a potion of magic
 Y - 3 potions of heal wounds
Books
 G - a manual of Spellcasting
Comestibles
 q - 45 rations


   Skills:
 - Level 16.4 Fighting
 - Level 16.4 Axes
 - Level 16.4 Armour
 - Level 20.8 Dodging
 - Level 17.6 Shields
 * Level 21.3 Spellcasting
 - Level 3.2 Charms
 * Level 22.7 Fire Magic
 - Level 7.4 Invocations


You had 56 spell levels left.
You knew the following spells:

 Your Spells              Type           Power        Failure   Level  Hunger
a - Infusion              Chrm           ####         1%          1    None
b - Flame Tongue          Conj/Fire      #####        1%          1    None
c - Blink                 Tloc           N/A          2%          2    None
d - Ignition              Fire           ########..   1%          8    #####..


Dungeon Overview and Level Annotations

Branches:
Dungeon (15/15)            Temple (1/1) D:7            Lair (6/6) D:9
  Swamp (4/4) Lair:3        Snake (4/4) Lair:3        Slime (5/5) Lair:5
    Orc (2/2) D:10            Elf (3/3) Orc:2        Vaults (5/5) D:13
  Crypt (0/3) Vaults:3     Depths (5/5) D:15            Zot (0/5) Depths:5

Altars:
Ashenzari
Cheibriados
Dithmenos
Elyvilon
Fedhas
Gozag
Hepliaklqana
Kikubaaqudgha
Makhleb
Nemelex Xobeh
Okawaru
Qazlal
Ru
Sif Muna
Trog
Uskayaw
Vehumet
Wu Jian
Xom
Yredelemnul
Zin
The Shining One
Jiyva

Shops:
D:5 ?[!?   D:10 !   D:13 *   Orc:2 ([*:   Elf:1 !   Depths:3 [   Depths:4 (*

Portals:
Hell: Depths:1 Depths:2 Depths:3 Depths:4 Depths:5
Abyss: Depths:1 Depths:4
Pandemonium: Depths:2 Depths:3 Depths:5
Ziggurat: Depths:3
Trove: D:15 (give 2 scrolls of acquirement)

Annotations:
D:3 zxkuqyb's ghost, amateur GnWn
D:5 isock's ghost, novice GnWn
D:7 mandarbmax's ghost, novice DsFE
Depths:3 2 runed doors


Innate Abilities, Weirdness & Mutations

Shadows flee at your approach. (+LOS)
You can swim through water.
You cover ground slowly.
You can hop long distances.
You have a pair of small horns on your head.
You have sharp toenails.
You are partially covered in rugged brown scales. (AC +1, +3% HP)
You have supernaturally acute eyesight. (SInv)
Your mind is acute. (Int +2)


Message History

You kill the deep elf archer!
That felt strangely unrewarding.
The fireball engulfs the titan.
The titan is almost dead.
The fireball engulfs the frost giant.
The frost giant is severely wounded.
The fireball engulfs the titan.
You kill the titan!
That felt strangely unrewarding.
The fireball engulfs the frost giant.
The frost giant is almost dead.
The fireball engulfs the frost giant.
The frost giant is almost dead.
The fireball engulfs the frost giant.
You kill the frost giant!
That felt strangely unrewarding.
You are near starving!
The frost giant points at you and mumbles some strange words.
The bolt of cold hits you!
* * * LOW HITPOINT WARNING * * *
The titan hits you!!
You die...

..# /## ...#..# ..# ...##
...#..# ..##...} #..#..# ..#(...
..#..# [....# .....#
[[(.#######################....#
.....((........................#
<(.((..........C...............#
(<.[..(........C@..........))).#
<[)[...........................#
....#######################....#
[[..... ##.)..# [.#.....
##..#..# ..#..)... ##...#).# ..#
.)... ##....#..# ..# .....
##...#.#..# ..# ....
##...##.#..#


You could see a titan and a frost giant.

Vanquished Creatures
  Dissolution (Slime:5)
  the Royal Jelly (Slime:5)
  Mara (Depths:3)
  Mennas (Vaults:4)
  A juggernaut (Depths:2)
  Sojobo (Vaults:2)
  Frederick (Vaults:4)
  Vashnia (Snake:2)
  Jory (Depths:3)
  the Enchantress (Depths:4)
  4 golden dragons
  Jorgrun (D:15)
  A lich (Depths:5)
  6 tentacled monstrosities
  6 titans
  6 deep elf blademasters
  A quicksilver dragon (Depths:5)
  2 deep elf master archers
  17 acid blobs
  4 thorn hunters
  Frances (Snake:2)
  Roxanne (Elf:3)
  4 shadow dragons
  4 sphinxes
  Kirke (Snake:2)
  5 tengu reavers
  A storm dragon (Vaults:5)
  12 fire giants
  6 azure jellies
  10 nagarajas
  8 deep elf sorcerers
  21 frost giants
  An orc warlord (Orc:2)
  A frost giant (shapeshifter) (Elf:3)
  An iron dragon (Vaults:5)
  9 vault wardens
  5 spriggan defenders
  A juggernaut zombie (Depths:3)
  A draconian stormcaller (Depths:5)
  A draconian shifter (Depths:5)
  7 deep elf elementalists
  Aizul (Snake:1)
  12 very ugly things
  A war gargoyle (Vaults:5)
  17 ironheart preservers
  31 stone giants
  3 entropy weavers
  9 deep elf annihilators
  3 black draconians
  3 vampire knights
  7 deep elf demonologists
  3 red draconians
  4 purple draconians
  9 spark wasps
  2 white draconians (Depths:5)
  A merfolk javelineer (Depths:4)
  9 deep elf death magi
  Snorg (Lair:4)
  A crystal guardian (Vaults:3)
  18 ettins
  4 death oozes (Slime:5)
  11 deep elf high priests
  8 great orbs of eyes
  7 fire dragons
  15 yaktaur captains
  Harold (D:11)
  10 ice dragons
  16 ogre magi
  6 rakshasas
  A monstrous demonspawn (Depths:3)
  24 vault guards
  30 hydras
  30 naga warriors
  A ghost crab (Swamp:4)
  2 spriggan air magi (Depths:5)
  A hell beast (Depths:3)
  11 anacondas
  A catoblepas (Lair:5)
  11 centaur warriors
  3 alligators
  27 dancing weapons
  2 death knights (Vaults:3)
  2 alligators (shapeshifter)
  53 two-headed ogres
  A queen ant (shapeshifter) (Depths:5)
  A death yak (IceCv)
  9 deep troll shamans
  13 naga sharpshooters
  2 tengu warriors
  3 vampire magi
  Urug (Lair:4)
  20 hell knights
  8 spriggan berserkers
  2 shock serpents (Snake:2)
  20 deep elf knights
  4 orc high priests
  14 deep troll earth magi
  2 small abominations
  3 shadow wraiths
  2 skeletal warriors (D:15)
  An iron troll (D:15)
  2 salamander mystics (Snake:4)
  10 swamp dragons
  6 flayed ghosts
  15 deep elf archers
  6 naga ritualists
  32 deep trolls
  4 unseen horrors
  3 glowing orange brains
  A sea snake (Snake:3)
  3 wizards
  A shambling mangrove (Swamp:3)
  Pikel (D:6)
  15 ironbrand convokers
  3 phantasmal warriors
  7 necromancers
  A sphinx zombie (Vaults:1)
  8 orc sorcerers
  A harpy (shapeshifter) (Vaults:3)
  A tengu skeleton (Depths:3)
  2 wolf spiders (Vaults:3)
  17 orc knights
  45 ugly things
  A frost giant zombie (D:15)
  A sphinx skeleton (Depths:3)
  66 deep elf magi
  7 mana vipers
  15 salamanders
  A stone giant zombie (Vaults:3)
  4 cyclopes
  4 shining eyes
  5 elephants (Lair:2)
  A manticore (D:15)
  An eye of devastation (Slime:5)
  11 vault sentinels
  A guardian serpent (shapeshifter) (Vaults:5)
  20 naga magi
  A stone giant skeleton (Vaults:3)
  31 black mambas
  A fire giant skeleton (Depths:3)
  6 guardian serpents
  13 spiny frogs
  2 rime drakes (shapeshifter)
  2 centaur skeletons (D:15)
  A gargoyle (D:13)
  A yaktaur zombie (Vaults:3)
  An eye of devastation (shapeshifter) (Depths:3)
  A spriggan zombie (D:15)
  A spiny frog (shapeshifter) (Depths:3)
  A kobold demonologist (D:15)
  4 rime drakes
  An efreet (D:15)
  A yaktaur (shapeshifter) (Vaults:3)
  11 komodo dragons
  A hellwing (Depths:3)
  42 yaktaurs
  5 freezing wraiths
  2 red devils (Depths:3)
  A queen bee (shapeshifter) (Vaults:4)
  4 tengu conjurers
  An elf skeleton (Depths:3)
  A troll (shapeshifter) (Elf:2)
  12 polar bears
  2 polar bears (shapeshifter)
  10 trolls
  A raiju (shapeshifter) (Elf:3)
  22 hornets
  A hippogriff (shapeshifter) (D:15)
  7 tyrant leeches
  6 blink frogs
  A sphinx simulacrum (Vaults:3)
  11 dream sheep
  11 hippogriffs
  2 deep troll zombies
  73 slime creatures
  6 bog bodies
  A stone giant simulacrum (Vaults:2)
  2 air elementals
  A fire dragon skeleton (D:15)
  3 redbacks (Vaults:5)
  2 spriggans (shapeshifter)
  26 spriggans
  2 shadows
  3 wyverns
  A fire elemental (Elf:2)
  50 yaks
  A vampire (D:15)
  8 water elementals
  Eustachio (D:4)
  2 wraiths
  2 humans (shapeshifter)
  3 basilisks
  A human (D:12)
  A steam dragon (D:14)
  2 basilisks (shapeshifter) (Vaults:4)
  4 hogs (D:12)
  4 golden eyes (Slime:5)
  A golden eye (shapeshifter) (Vaults:2)
  2 hungry ghosts
  A human simulacrum (Vaults:4)
  19 vampire mosquitoes
  67 nagas
  20 swamp worms
  2 acid dragons (Vaults:1)
  12 insubstantial wisps
  3 soldier ants (shapeshifter)
  3 wargs
  8 water moccasins
  A water moccasin (shapeshifter) (Elf:2)
  A floating eye (Slime:5)
  5 porcupines
  53 orc warriors
  6 black bears
  A hornet zombie (D:13)
  6 necrophages
  3 slaves (D:6)
  21 swamp drakes
  3 eyes of draining
  2 phantoms (D:5)
  7 sky beasts
  5 ice beasts
  31 wolves
  2 orc zombies (Vaults:1)
  7 boggarts
  15 centaurs
  38 ogres
  A human skeleton (Vaults:4)
  14 crocodiles
  3 big kobolds
  14 bullfrogs
  2 earth elementals
  A gnoll sergeant (D:9)
  A wyvern skeleton (D:14)
  7 scorpions
  A water moccasin skeleton (D:4)
  2 vampire bats (D:15)
  4 howler monkeys
  7 crimson imps
  2 bullfrog zombies
  A yaktaur simulacrum (Vaults:1)
  3 lava snakes (Lair:6)
  3 quasits
  3 centaur zombies
  5 jellies
  26 orc priests
  Crazy Yiuf (D:4)
  5 hounds
  An iron imp (Depths:2)
  2 bullfrog skeletons
  3 iguanas
  Natasha (twice) (D:4)
  39 orc wizards
  11 worker ants
  A killer bee zombie (D:8)
  A hound zombie (D:11)
  2 hound skeletons
  A worker ant zombie (D:8)
  14 gnolls
  23 adders
  4 shadow imps
  2 white imps
  An ooze (D:3)
  3 worms
  2 dart slugs (D:1)
  5 leopard geckos
  106 orcs
  5 ball pythons
  4 giant cockroaches
  4 goblins
  8 hobgoblins
  17 jackals
  27 kobolds
  4 quokkas
  13 bats
  9 frilled lizards
  A leopard gecko zombie (D:5)
  2 quokka skeletons
  8 rats
  8 briar patches
  6 bushes
  5 crawling corpses
  6 fungi
  3 plants
2224 creatures vanquished.

Vanquished Creatures (collateral kills)
  An acid blob (Slime:5)
  4 azure jellies (Slime:5)
  A death ooze (Slime:5)
6 creatures vanquished.

Vanquished Creatures (others)
  Asterion (Elf:1)
  2 deep elf master archers (Vaults:5)
  2 thorn hunters (Swamp:4)
  A frost giant (Depths:3)
  A deep elf elementalist (Vaults:5)
  A vampire knight (Depths:3)
  2 stone giants
  A deep elf demonologist (Vaults:2)
  A yaktaur captain (Vaults:5)
  A hydra (Swamp:4)
  2 centaur warriors (Depths:2)
  A deep elf knight (Elf:1)
  A deep elf archer (Vaults:5)
  A deep elf mage (Elf:3)
  A rime drake (IceCv)
  5 yaktaurs
  3 polar bears (IceCv)
  A water elemental (Elf:3)
  2 humans (Snake:2)
  An insubstantial wisp (Swamp:4)
  2 orc warriors
  A slave (D:6)
  2 wolves (IceCv)
  A centaur (Depths:1)
  An orc priest (Elf:1)
  2 orcs
  7 briar patches (Swamp:4)
  18 fungi
  8 plants
  2 withered plants (D:15)
75 creatures vanquished.

Grand Total: 2305 creatures vanquished

Notes
Turn   | Place    | Note
-------+----------+-------------------------------------------
     0 | D:1      | shenanigans the Barachi Skald began the quest for the Orb.
     0 | D:1      | Reached XP level 1. HP: 17/17 MP: 3/3
   383 | D:1      | Reached XP level 2. HP: 20/23 MP: 0/5
   553 | D:1      | Reached XP level 3. HP: 26/28 MP: 6/6
  1495 | D:2      | Reached XP level 4. HP: 30/35 MP: 7/7
  2622 | D:3      | Reached XP level 5. HP: 10/42 MP: 6/8
  2697 | D:3      | Noticed zxkuqyb's ghost (amateur GnWn)
  4047 | D:4      | Reached XP level 6. HP: 18/48 MP: 9/9
  4053 | D:4      | Found a shadowy altar of Dithmenos.
  4213 | D:4      | Found a glowing drain.
  4234 | Sewer    | Entered a sewer
  4712 | D:4      | Noticed Natasha
  4725 | D:4      | Killed Natasha
  4921 | D:4      | Found a runed door.
  4925 | D:4      | Noticed Crazy Yiuf
  4933 | D:4      | Killed Crazy Yiuf
  5072 | D:4      | Noticed Eustachio
  5090 | D:4      | Killed Eustachio
  5090 | D:4      | Reached XP level 7. HP: 55/55 MP: 10/10
  5161 | D:4      | Reached skill level 5 in Fighting
  5306 | D:4      | Noticed Natasha
  5316 | D:4      | Killed Natasha
  5387 | D:5      | Entered Level 5 of the Dungeon
  5619 | D:5      | Found a white marble altar of Elyvilon.
  5620 | D:5      | Found an ancient bone altar of Kikubaaqudgha.
  5659 | D:5      | Found Uryar's Armour Emporium.
  5679 | D:5      | Noticed isock's ghost (novice GnWn)
  5692 | D:6      | Reached skill level 5 in Axes
  5692 | D:6      | Reached skill level 5 in Armour
  5692 | D:6      | Reached skill level 5 in Dodging
  5697 | D:6      | Reached XP level 8. HP: 25/63 MP: 11/11
  6063 | D:5      | Found Lahe's Magic Scroll Shop.
  6352 | D:5      | Found an ornate altar of the Wu Jian Council.
  6721 | D:5      | Found Cytaifask's Distillery.
  6850 | D:5      | Found Jejurch Yczoi's Magic Scroll Shop.
  7368 | D:6      | Noticed Pikel
  7379 | D:6      | Killed Pikel
  7379 | D:6      | Reached XP level 9. HP: 65/72 MP: 12/12
  8317 | D:6      | Found a hide-covered altar of Uskayaw.
  9063 | D:7      | Found a staircase to the Ecumenical Temple.
  9414 | D:7      | Noticed mandarbmax's ghost (novice DsFE)
  9672 | Temple   | Entered the Ecumenical Temple
  9821 | Temple   | Became a worshipper of Warmaster Okawaru
 10048 | D:5      | Bought a +2 shield of protection for 236 gold pieces
 10144 | D:7      | Reached skill level 1 in Shields
 10144 | D:7      | Reached XP level 10. HP: 69/78 MP: 13/13
 10434 | D:8      | Reached skill level 1 in Invocations
 10707 | D:8      | Noticed a centaur warrior
 10750 | D:9      | Noticed a two-headed ogre
 11162 | D:8      | Noticed a two-headed ogre
 11255 | D:8      | Noticed a two-headed ogre
 11336 | D:8      | Killed a two-headed ogre
 11336 | D:8      | Reached * piety under Okawaru
 11336 | D:8      | Reached skill level 5 in Shields
 11971 | D:8      | Killed a two-headed ogre
 11971 | D:8      | Reached ** piety under Okawaru
 11971 | D:8      | Reached skill level 5 in Invocations
 12205 | D:8      | Killed a centaur warrior
 12205 | D:8      | Reached XP level 11. HP: 28/83 MP: 15/15
 12735 | D:9      | Noticed a centaur warrior
 12749 | D:9      | Killed a centaur warrior
 12751 | D:9      | Reached *** piety under Okawaru
 12789 | D:9      | Killed a two-headed ogre
 12795 | D:9      | Found a hazy altar of Hepliaklqana.
 12915 | D:9      | Got a twisted long sword
 12961 | D:9      | Found a staircase to the Lair.
 13068 | D:9      | Got a jewelled dagger
 13152 | D:6      | Got a jewelled leather armour
 13163 | D:6      | Identified the cursed +1 leather armour of the Carpenter {rElec} (You found it on level 6 of the Dungeon)
 13163 | D:6      | Identified the +5 dagger of Qablasurch {drain, *Drain +Inv +Fly Str+9} (You found it on level 9 of the Dungeon)
 13164 | D:6      | Identified the cursed +1 long sword of Ethedung {slice, +Inv rF+ rC+} (You found it on level 9 of the Dungeon)
 13266 | D:10     | Entered Level 10 of the Dungeon
 14170 | D:10     | Found a staircase to the Orcish Mines.
 14188 | D:10     | Paralysed by a centaur for 3 turns
 14204 | Orc:1    | Entered Level 1 of the Orcish Mines
 14596 | Lair:1   | Entered Level 1 of the Lair of Beasts
 14677 | Lair:1   | Noticed a six-headed hydra
 14751 | Lair:1   | Killed a six-headed hydra
 14751 | Lair:1   | Reached **** piety under Okawaru
 15415 | Lair:1   | Reached ***** piety under Okawaru
 16102 | Lair:2   | Received a gift from Okawaru
 16305 | Lair:2   | Reached XP level 12. HP: 95/95 MP: 17/17
 16898 | Lair:2   | Noticed a five-headed hydra
 17722 | Lair:3   | Reached skill level 10 in Shields
 17736 | Lair:3   | Noticed a four-headed hydra
 17742 | Lair:3   | Killed a four-headed hydra
 17803 | Lair:3   | Noticed a seven-headed hydra
 17810 | Lair:3   | Killed a seven-headed hydra
 17810 | Lair:3   | Received a gift from Okawaru
 17956 | Lair:3   | Found a staircase to the Snake Pit.
 17986 | Lair:3   | Reached skill level 10 in Axes
 18035 | Lair:3   | Reached skill level 10 in Fighting
 18126 | Lair:3   | Found a staircase to the Swamp.
 18462 | Lair:4   | Noticed Snorg
 18827 | Lair:4   | Reached skill level 10 in Armour
 18837 | Lair:4   | Gained mutation: You can hop long distances. [Barachi growth]
 18837 | Lair:4   | Reached XP level 13. HP: 95/103 MP: 18/18
 19273 | Lair:4   | Noticed Urug
 19296 | Lair:4   | Killed Urug
 19343 | Lair:4   | Killed Snorg
 19544 | Lair:5   | Found a staircase to the Slime Pits.
 19545 | Lair:5   | Found a viscous altar of Jiyva.
 19837 | Lair:5   | Reached skill level 10 in Dodging
 19874 | Lair:5   | Found a frozen archway.
 19884 | IceCv    | Entered an ice cave
 20076 | IceCv    | Received a gift from Okawaru
 20679 | IceCv    | Noticed a frost giant
 21447 | Lair:6   | Entered Level 6 of the Lair of Beasts
 21506 | Lair:6   | Found a labyrinth entrance.
 22271 | Lair:6   | HP: 4/106 [wolf (6)]
 22668 | Lair:5   | Reached XP level 14. HP: 85/113 MP: 17/19
 23399 | Orc:1    | Received a gift from Okawaru
 24036 | Orc:2    | Entered Level 2 of the Orcish Mines
 24213 | Orc:2    | Paralysed by an orc sorcerer for 7 turns
 24447 | Orc:2    | Found a staircase to the Elven Halls.
 24688 | Orc:2    | Noticed an orc warlord
 25626 | Orc:2    | Killed an orc warlord
 25758 | Orc:2    | Paralysed by an orc sorcerer for 3 turns
 25902 | Orc:2    | Found Uked's General Store.
 25903 | Orc:2    | Found Lish's Book Emporium.
 25906 | Orc:2    | Found Qobul's Antique Armour Shoppe.
 25906 | Orc:2    | Found Xuety's Antique Weapon Shoppe.
 26190 | D:5      | Bought the +0 pair of boots of the Black Moon {rPois Str+6} for 311 gold pieces
 26190 | D:5      | Bought the +1 plate armour of the Kangaroo {rElec} for 462 gold pieces
 26270 | D:5      | Bought a scroll of acquirement for 676 gold pieces
 26286 | D:5      | Learned a level 1 spell: Flame Tongue
 26289 | D:5      | Learned a level 2 spell: Blink
 26810 | D:11     | Received a gift from Okawaru
 26813 | D:11     | Got an encrusted broad axe {god gift}
 26814 | D:11     | Identified the +7 broad axe of the Evil Eye {antimagic, rF+ rC+ Dex+4} (Okawaru gifted it to you on level 11 of the Dungeon)
 26910 | D:11     | Noticed Harold
 26924 | D:11     | Killed Harold
 27182 | D:12     | Found an ancient bone altar of Kikubaaqudgha.
 27193 | D:12     | Reached XP level 15. HP: 122/122 MP: 20/20
 27842 | D:13     | Found a gate to the Vaults.
 27849 | D:13     | Found an ornate altar of the Wu Jian Council.
 27922 | D:13     | Found Jyasidgh's Assorted Antiques.
 28003 | D:13     | Found a blossoming altar of Fedhas.
 28326 | D:14     | Found a white marble altar of Elyvilon.
 28457 | D:14     | Found a glowing golden altar of the Shining One.
 28629 | D:15     | Entered Level 15 of the Dungeon
 28856 | D:15     | Received a gift from Okawaru
 28987 | D:15     | Found a staircase to the Depths.
 29057 | D:15     | Found a portal to a secret trove of treasure.
 29910 | D:10     | Found Heiraol's Distillery.
 29915 | D:10     | Bought a potion of heal wounds for 70 gold pieces
 30040 | Snake:1  | Entered Level 1 of the Snake Pit
 30137 | Snake:1  | Noticed Aizul
 30161 | Snake:1  | Killed Aizul
 30248 | Snake:1  | Got an ichor-stained war axe {flame}
 30489 | Snake:1  | Received a gift from Okawaru
 30908 | Snake:1  | Noticed a nagaraja
 30920 | Snake:1  | Reached XP level 16. HP: 132/132 MP: 19/21
 30937 | Snake:1  | Killed a nagaraja
 31608 | Snake:2  | Received a gift from Okawaru
 32010 | Snake:2  | Noticed Vashnia
 32042 | Snake:2  | Killed Vashnia
 32042 | Snake:2  | Received a gift from Okawaru
 32105 | Snake:2  | Reached ****** piety under Okawaru
 32167 | Snake:2  | Noticed Kirke
 32175 | Snake:2  | Killed Kirke
 32271 | Snake:2  | Noticed Frances
 32291 | Snake:2  | Killed Frances
 32313 | Snake:2  | Received a gift from Okawaru
 32818 | Snake:3  | Noticed a nagaraja
 32831 | Snake:3  | Killed a nagaraja
 33025 | Snake:3  | Reached XP level 17. HP: 140/140 MP: 22/22
 33274 | Snake:3  | Reached skill level 15 in Fighting
 33457 | Snake:3  | Received a gift from Okawaru
 33461 | Snake:3  | Got a jewelled ring mail {god gift}
 33472 | Snake:3  | Identified the +1 ring mail of the Kangaroo {rC+} (Okawaru gifted it to you on level 3 of the Snake Pit)
 33590 | Snake:4  | Entered Level 4 of the Snake Pit
 33659 | Snake:4  | Reached skill level 15 in Armour
 34372 | Snake:4  | Reached skill level 15 in Axes
 34777 | Snake:4  | Reached skill level 15 in Shields
 35022 | Snake:4  | Received a gift from Okawaru
 35808 | Snake:4  | Received a gift from Okawaru
 36256 | Snake:4  | Reached XP level 18. HP: 151/151 MP: 23/23
 36335 | Snake:4  | Got a serpentine rune of Zot
 36368 | Snake:4  | Identified the +4 war axe of Royalism {flame, Dex+4} (You took it off a naga on level 1 of the Snake Pit)
 36519 | Swamp:1  | Entered Level 1 of the Swamp
 36586 | Swamp:1  | Reached skill level 15 in Dodging
 37240 | Swamp:1  | Received a gift from Okawaru
 38144 | Swamp:3  | Received a gift from Okawaru
 39318 | Swamp:4  | Entered Level 4 of the Swamp
 39421 | Swamp:4  | Received a gift from Okawaru
 39427 | Swamp:4  | Got a brightly glowing plate armour {god gift}
 39428 | Swamp:4  | Identified the +1 plate armour of Catatonia {Int+4} (Okawaru gifted it to you on level 4 of the Swamp)
 40462 | Swamp:4  | Reached skill level 1 in Fire Magic
 40832 | Swamp:4  | Reached XP level 19. HP: 79/157 MP: 24/24
 41267 | Swamp:4  | Got a decaying rune of Zot
 41747 | Vaults:1 | Entered Level 1 of the Vaults
 41760 | D:13     | Reached skill level 2 in Fire Magic
 41760 | D:13     | Reached XP level 20. HP: 166/166 MP: 25/25
 41761 | D:13     | Reached XP level 21. HP: 172/172 MP: 26/26
 41881 | Vaults:1 | Reached skill level 3 in Fire Magic
 41985 | Vaults:1 | Received a gift from Okawaru
 42176 | Vaults:1 | Reached skill level 4 in Fire Magic
 42178 | Vaults:1 | Reached skill level 5 in Spellcasting
 42866 | Vaults:1 | Reached skill level 5 in Fire Magic
 43156 | Vaults:1 | Got a diamond-studded scale mail
 43157 | Vaults:1 | Identified the +1 scale mail of Ovugan {rF+ rCorr Int-5} (You found it on level 1 of the Vaults)
 43389 | Vaults:2 | Received a gift from Okawaru
 43569 | Vaults:2 | Reached skill level 6 in Fire Magic
 43772 | Vaults:2 | Noticed Sojobo
 43818 | Vaults:2 | Killed Sojobo
 44758 | Vaults:3 | Reached skill level 7 in Fire Magic
 44786 | Vaults:3 | Received a gift from Okawaru
 44794 | Vaults:3 | Reached XP level 22. HP: 179/179 MP: 33/33
 44888 | Vaults:3 | Reached skill level 8 in Fire Magic
 45158 | Vaults:3 | Reached skill level 9 in Fire Magic
 46014 | Vaults:3 | Reached skill level 10 in Fire Magic
 46021 | Vaults:3 | Received a gift from Okawaru
 46025 | Vaults:3 | Reached skill level 10 in Spellcasting
 46547 | Vaults:3 | Found a staircase to the Crypt.
 46757 | Vaults:4 | Reached skill level 11 in Fire Magic
 46884 | Vaults:4 | Received a gift from Okawaru
 47169 | Vaults:4 | Noticed Frederick
 47212 | Vaults:4 | Killed Frederick
 47430 | Vaults:4 | Received a gift from Okawaru
 47430 | Vaults:4 | Reached skill level 12 in Fire Magic
 47719 | Vaults:4 | Noticed Mennas
 47730 | Vaults:4 | Received a gift from Okawaru
 48258 | Vaults:4 | Killed Mennas
 48258 | Vaults:4 | Reached XP level 23. HP: 134/185 MP: 32/39
 48670 | Elf:1    | Entered Level 1 of the Elven Halls
 49181 | Elf:1    | Noticed Asterion
 49207 | Elf:1    | Killed Asterion
 49207 | Elf:1    | Reached skill level 13 in Fire Magic
 49460 | Elf:1    | Found Hutuesyo's Distillery.
 50409 | Elf:2    | Found a runed gate.
 50409 | Elf:2    | Found a runed gate.
 50410 | Elf:2    | Found a runed gate.
 50636 | Elf:2    | Reached skill level 14 in Fire Magic
 51222 | Elf:3    | Entered Level 3 of the Elven Halls
 51404 | Elf:3    | Noticed Roxanne
 51431 | Elf:3    | Killed Roxanne
 51431 | Elf:3    | Received a gift from Okawaru
 51433 | Elf:3    | Identified Roxanne's Tome of Stones (You took it off Roxanne on level 3 of the Elven Halls)
 52549 | Elf:3    | Got a steaming amber ring
 53000 | Elf:2    | Received a gift from Okawaru
 53005 | Elf:2    | Identified the ring of Harmony {*Tele rC+} (You took it off a deep elf annihilator on level 3 of the Elven Halls)
 53559 | Elf:2    | Got a shimmering copper amulet
 53586 | Elf:2    | Got an ancient plate armour
 53597 | Elf:2    | Identified the +14 plate armour "Igucamon" {rF+ Int+2 Dex-2 SInv} (You took it off a deep elf high priest on level 2 of the Elven Halls)
 54403 | Elf:3    | Identified the amulet "Ekevuez" {Reflect MR++ SH+3} (You took it off a deep elf mage on level 2 of the Elven Halls)
 54423 | Elf:3    | Reached skill level 15 in Fire Magic
 54454 | Elf:3    | Reached XP level 24. HP: 167/193 MP: 41/41
 54630 | Elf:2    | Reached skill level 15 in Spellcasting
 54887 | Elf:3    | Found the +3 giant club "Skullcrusher" {speed, Str+7}
 55289 | Depths:1 | Entered Level 1 of the Depths
 55355 | Depths:1 | Noticed Jorgrun
 55554 | D:15     | Killed Jorgrun
 56122 | Depths:1 | Found a one-way gate to the infinite horrors of the Abyss.
 56244 | Depths:1 | Reached skill level 16 in Fire Magic
 56357 | Depths:1 | Found a gateway to Hell.
 56542 | Depths:2 | Found a one-way gate leading to the halls of Pandemonium.
 56592 | Depths:2 | Received a gift from Okawaru
 57020 | Depths:2 | Noticed a juggernaut
 57060 | Depths:2 | Killed a juggernaut
 57291 | Depths:2 | Received a gift from Okawaru
 57541 | Depths:2 | Reached XP level 25. HP: 185/199 MP: 44/44
 57835 | Depths:3 | Found Purokk's Antique Armour Boutique.
 58198 | Depths:3 | Found a gateway to a ziggurat.
 58325 | Depths:3 | Noticed Mara
 58339 | Depths:3 | Noticed shenanigans's illusion
 58544 | Depths:3 | Received a gift from Okawaru
 58677 | Depths:3 | Found a runed door.
 58810 | Depths:3 | Found a runed door.
 58811 | Depths:3 | Noticed shenanigans's illusion
 59178 | Depths:3 | Noticed shenanigans's illusion
 59227 | Depths:3 | Noticed shenanigans's illusion
 59243 | Depths:3 | Noticed shenanigans's illusion
 59256 | Depths:3 | Killed Mara
 59626 | Depths:3 | Noticed Jory
 59655 | Depths:3 | Killed Jory
 59976 | Depths:3 | Found a runed door.
 60028 | Depths:3 | Reached skill level 17 in Fire Magic
 60561 | Depths:4 | Found Guva's General Store.
 60561 | Depths:4 | Found Wayhuw's Antique Weapon Shop.
 61271 | Depths:4 | Noticed a shard shrike
 61278 | Depths:4 | a shard shrike changed into a titan
 61802 | Depths:4 | Got a glittering iron amulet
 61803 | Depths:4 | Identified the amulet of Lies {Harm *Drain rF+ Int+6} (You took it off a deep elf demonologist on level 4 of the Depths)
 62140 | Depths:4 | Learned a level 8 spell: Ignition
 62330 | Depths:4 | Reached skill level 18 in Fire Magic
 62372 | Depths:5 | Entered Level 5 of the Depths
 62377 | Depths:5 | Reached XP level 26. HP: 205/206 MP: 43/45
 62668 | Depths:5 | Noticed the Enchantress
 62757 | Depths:4 | Killed the Enchantress
 62762 | Depths:4 | Got faerie dragon scales
 62773 | Depths:4 | Identified the +1 faerie dragon scales {rCorr Str+2 Stlth+} (You took it off the Enchantress on level 4 of the Depths)
 63045 | Depths:5 | Reached skill level 19 in Fire Magic
 63069 | Depths:5 | Received a gift from Okawaru
 63371 | Depths:5 | Found a gate to the Realm of Zot.
 64084 | Slime:1  | Entered Level 1 of the Pits of Slime
 64219 | Slime:4  | Gained mutation: You tend to lose your temper in combat. [a shining eye]
 64241 | Slime:5  | Entered Level 5 of the Pits of Slime
 64245 | Slime:5  | Gained mutation: Your spells are a little easier to cast, but a little less powerful. [a shining eye]
 64250 | Slime:5  | Gained mutation: Your body sometimes deteriorates upon taking damage. [a shining eye]
 64254 | Slime:5  | Gained mutation: You are frail. (-10% HP) [a shining eye]
 64256 | Slime:5  | Gained mutation: You have sharp toenails. [a shining eye]
 64747 | Slime:5  | Paralysed by a floating eye for 4 turns
 64811 | Slime:5  | Reached skill level 20 in Fire Magic
 64873 | Slime:5  | Noticed Dissolution
 64890 | Slime:5  | Killed Dissolution
 64950 | Slime:5  | Gained mutation: Your body often deteriorates upon taking damage. [a shining eye]
 64958 | Slime:5  | Lost mutation: You tend to lose your temper in combat. [a shining eye]
 64992 | Slime:4  | Received a gift from Okawaru
 65019 | Slime:4  | Gained mutation: You are clumsy. (Dex -2) [a shining eye]
 65021 | Slime:4  | Gained mutation: You expend magic power (3 MP) to strengthen your wands. [a shining eye]
 65154 | Slime:5  | Found a viscous altar of Jiyva.
 65154 | Slime:5  | Noticed the Royal Jelly
 65182 | Slime:4  | Lost mutation: You are frail. (-10% HP) [potion of mutation]
 65182 | Slime:4  | Lost mutation: You are clumsy. (Dex -2) [potion of mutation]
 65182 | Slime:4  | Lost mutation: Your spells are a little easier to cast, but a little less powerful. [potion of mutation]
 65182 | Slime:4  | Gained mutation: You have a somewhat thin skeletal structure. (Dex +2, Stealth) [potion of mutation]
 65182 | Slime:4  | Gained mutation: Your mind is acute. (Int +2) [potion of mutation]
 65182 | Slime:4  | Gained mutation: You are partially covered in rugged brown scales. (AC +1, +3% HP) [potion of mutation]
 65183 | Slime:4  | Lost mutation: Your body often deteriorates upon taking damage. [potion of mutation]
 65183 | Slime:4  | Lost mutation: You expend magic power (3 MP) to strengthen your wands. [potion of mutation]
 65183 | Slime:4  | Lost mutation: Your body sometimes deteriorates upon taking damage. [potion of mutation]
 65183 | Slime:4  | Gained mutation: You have a pair of small horns on your head. [potion of mutation]
 65183 | Slime:4  | Lost mutation: You have a somewhat thin skeletal structure. (Dex +2, Stealth) [potion of mutation]
 65183 | Slime:4  | Gained mutation: You have supernaturally acute eyesight. (SInv) [potion of mutation]
 65460 | Slime:5  | Killed the Royal Jelly
 65595 | Slime:5  | Got a slimy rune of Zot
 65640 | Slime:5  | Got an encrusted helmet
 65666 | Slime:5  | Identified the +3 helmet of the Well-Known Lives {-Cast MR++ Regen+ MP+9} (You found it on level 5 of the Pits of Slime)
 66169 | Vaults:4 | Got a heavily runed chain mail {god gift}
 66180 | Vaults:4 | Identified the +8 chain mail of Paranoia {rC++ MR- Stlth+} (Okawaru gifted it to you on level 4 of the Vaults)
 67164 | Temple   | Fell from the grace of Okawaru
 67164 | Temple   | Became a worshipper of Makhleb the Destroyer
 67425 | Vaults:5 | Entered Level 5 of the Vaults
 67426 | Vaults:5 | Reached XP level 27. HP: 218/218 MP: 39/47
 67426 | Vaults:5 | Reached skill level 21 in Fire Magic
 67427 | Vaults:5 | Reached * piety under Makhleb
 67883 | Vaults:5 | Reached ** piety under Makhleb
 67936 | Vaults:5 | Reached skill level 22 in Fire Magic
 68275 | Vaults:5 | Reached *** piety under Makhleb
 68400 | Vaults:5 | Got a silver rune of Zot
 68959 | Vaults:5 | Mangled by a titan

Vault maps used:
D:1:      eino_arrival_water_cross, hangedman_decor_lopped, minmay_distorted
D:2:      minmay_misc_feat_secret_circle
D:4:      nicolae_dithmenos_shadow_blocks, first_ration,
          cheibrodos_sewer_entry_bend, uniq_eustachio, uniq_crazy_yiuf_cottage,
          uniq_natasha
D:5:      minmay_diamond_boxcup, grunt_temple_overflow_open,
          lemuel_crystal_altar, serial_shops, shop, shop, shop, shop
D:6:      eat_drink_and_be_merry_uskayaw, uniq_pikel
D:7:      minmay_temple_entry_from_below_b
D:8:      minmay_blocky_corners, enter_bailey_1
D:9:      lemuel_round_altar, lair_entry_dummy
D:10:     orc_0_dummy, serial_shops, kennysheep_little_box
D:11:     uniq_harold
D:12:     basic_altar, grunt_livestock
D:13:     erik_vaults_1, basic_altar, serial_shops, shop,
          fedhas_altar_decomposition
D:14:     elyvilon_altar_4, minivault_1, tso_metal_star
D:15:     gammafunk_depths_entry_grave, enter_trove_2, roderic_batcave
Temple:   eino_temple_scatter_basement
Lair:3:   swamp_mist, guppyfry_snake_entry_island, lemuel_fruit_tree
Lair:4:   cheibrodos_lair_reptile_den, uniq_snorg, uniq_urug
Lair:5:   slime_altar_1, portal_ice_cave_rime
Lair:6:   minmay_lair_end_enchanted_forest, lab_entry_generic, disabler_island
Swamp:1:  hangedman_swamp_diagram
Swamp:2:  evilmike_swamp_ruin_rubble_2
Swamp:3:  evilmike_swamp_ruin_house_5, swamp_pool1
Swamp:4:  swamp, swamp_pool4
Snake:1:  guppyfry_library_mini, uniq_aizul
Snake:2:  spider_trap, serial_bayou_shore_b, uniq_kirke, uniq_vashnia,
          uniq_frances
Snake:3:  serial_bayou_lagoon_a
Snake:4:  minmay_snake_end_coiled
Slime:2:  nicolae_slime_barrier, nicolae_slime_phagocytosis
Slime:5:  uniq_dissolution
Orc:2:    st_orc_congregation
Elf:1:    elf_arrival_001, serial_shops, shop, orc_legates, uniq_asterion
Elf:3:    minmay_elf_hall_quartered_circle, uniq_roxanne
Vaults:1: nicolae_vaults_border_crossing, v_alt_pattern_5,
          grunt_vaults_hallway_long, ontoclasm_vaults_claustrophobia,
          nicolae_vaults_specimen_jars
Vaults:2: ontoclasm_vaults_tryst, ontoclasm_vaults_ring_small, serial_ice_g,
          v_rooms_1, v_misc_14, vaults_dpeg_doors, hangedman_vaults_locks,
          nicolae_vaults_little_squares_1, v_misc_27, vaults_room_semicircle,
          uniq_sojobo
Vaults:3: blue_anna_dwarven_crypt, vaults_room_door_hall, ontoclasm_vaults_spin,
          st_lines, nicolae_vaults_what_the_h, ontoclasm_vaults_ring_small,
          v_rooms_5, ontoclasm_vaults_shuriken, nicolae_vaults_network_star,
          vaults_standard_mumra_x, ontoclasm_vaults_decontamination,
          infiniplex_enter_wizlab_glasses
Vaults:4: nicolae_vaults_network_square, nicolae_vaults_yaktaur_gun_rack,
          ontoclasm_vaults_twist, vaults_room_octagon, vaults_room_corners,
          ontoclasm_vaults_ring_square, hangedman_vaults_pinch,
          hangedman_vaults_stretched_pinwheel, hangedman_vaults_maws, v_misc_28,
          vaults_room_ringed_pool, nicolae_vaults_display_case, serial_ice_g,
          vaults_dpeg_ring, uniq_frederick, uniq_mennas
Depths:1: pf_dread_powers_of_hell, abyss_entry, minmay_stone_trees_medium,
          kennysheep_generic_room_14, uniq_jorgrun
Depths:2: minmay_crescents, hell_entry, rand_demon_pan_entry_3,
          minmay_misc_feat_doors
Depths:3: minmay_the_grid_four_pointed_star, enter_ziggurat_b, hell_entry,
          rand_demon_pan_entry_7, kennysheep_pointless_box, serial_shops,
          shop_statue, uniq_mara, uniq_jory
Depths:4: minmay_broken_ring, abyss_entry, hell_entry, st_stairs_10,
          serial_bayou_shore_b, infiniplex_staircase_pool_2, minmay_shoptagon
Depths:5: grunt_zot_entry_gee_three, serial_bayou_pond_b, hell_entry, pan_entry,
          uniq_enchantress
Sewer:    sewer_co_scattered_pipes
IceCv:    ice_cave_caverns_03

Skill      XL: |  1  2  3  4  5  6  7  8  9 10 11 12 13 14 15 16 17 18 19 20 21 22 23 24 25 26 27 |
---------------+----------------------------------------------------------------------------------+-----
Armour         | 2 3 4 5 6 8 10 11 12 13 14 15 16 | 16.4
Fighting       | 3 4 5 7 8 9 10 11 12 13 14 15 16 | 16.4
Axes           | 3 4 5 6 7 8 10 11 12 13 14 15 16 | 16.4
Dodging        | 3 4 5 6 7 8 9 10 11 12 13 14 16 17 19 20 | 20.8
Shields        | 1 7 9 10 11 12 13 14 15 16 17 | 17.6
Invocations    | 6 7 |  7.4
Fire Magic     | 1 2 7 12 15 16 18 20 22 | 22.7
Spellcasting   | 3 7 12 14 17 18 20 21 | 21.3
Charms         | |  3.2

Action                   |  1- 3 |  4- 6 |  7- 9 | 10-12 | 13-15 | 16-18 | 19-21 | 22-24 | 25-27 || total
-------------------------+-------+-------+-------+-------+-------+-------+-------+-------+-------++-------
Melee: Hand axe          |   125 |   227 |       |       |       |       |       |       |       ||   352
       Dagger            |       |    54 |       |       |       |       |       |       |       ||    54
       Quarterstaff      |       |    10 |       |       |       |       |       |       |       ||    10
       Rapier            |       |       |   438 |   445 |       |       |       |       |       ||   883
       Long sword        |       |       |       |   167 |   135 |       |       |       |       ||   302
       War axe           |       |       |       |   325 |  1145 |   654 |    15 |       |       ||  2139
       Broad axe         |       |       |       |       |   702 |  1072 |   621 |  1962 |  1972 ||  6329
       Sacred scourge    |       |       |       |       |       |       |       |       |    19 ||    19
       Headbutt          |       |       |       |       |       |       |       |       |   159 ||   159
Throw: Tomahawk          |       |     9 |    24 |    25 |       |       |       |       |       ||    58
       Javelin           |       |       |       |       |    10 |       |       |     1 |       ||    11
 Cast: Infusion          |     5 |     9 |       |       |       |       |       |       |       ||    14
       Ignition          |       |       |       |       |       |       |       |       |    15 ||    15
Invok: Heroism           |       |       |       |    21 |    48 |    33 |     7 |    62 |    52 ||   223
       Finesse           |       |       |       |       |     8 |     1 |     2 |     5 |     7 ||    23
 Abil: Hop               |       |     2 |     3 |     7 |     3 |     3 |       |     8 |     9 ||    35
Evoke: Wand              |       |       |       |     8 |    10 |       |       |       |       ||    18
  Use: Scroll            |       |    13 |     7 |    10 |    15 |    10 |     3 |    18 |     8 ||    84
       Potion            |       |     5 |     4 |     6 |     4 |     1 |     2 |    11 |    11 ||    44
 Stab: Petrified         |       |     7 |       |       |       |       |       |       |       ||     7
       Paralysed         |       |       |       |     5 |       |       |       |       |       ||     5
       Invisible         |       |       |       |       |     9 |       |       |       |       ||     9
       Confused          |       |       |       |       |       |     1 |       |       |       ||     1
       Distracted        |       |       |       |       |       |       |     1 |     1 |     2 ||     4
  Eat: Chunk             |     2 |    13 |    15 |    22 |    34 |    16 |    10 |    30 |    18 ||   160
       Ration            |       |       |     1 |     6 |     7 |     6 |     3 |     5 |    12 ||    40
Armor: Leather armour    |    33 |    16 |       |    67 |       |       |       |       |       ||   116
       Ring mail         |       |    83 |   106 |       |       |       |       |       |       ||   189
       Plate armour      |       |       |   172 |   454 |   947 |   627 |   240 |   598 |   487 ||  3525
Dodge: Dodged            |    94 |   167 |   236 |   279 |   544 |   737 |   348 |  1212 |  1035 ||  4652
Block: Shield            |       |       |     4 |   695 |  1484 |  1391 |   510 |  1737 |  1654 ||  7475
       Reflection        |       |       |       |       |       |       |       |    61 |    72 ||   133
       Rpst.: Long sword |       |       |       |    19 |    20 |       |       |       |       ||    39

Table legend:
 A = Spawn XP
 B = Non-spawn XP
 C = Spawn XP percentage of total XP
 D = Spawn monster count
 E = Non-spawn monster count
 F = Spawn count percentage of total count
 G = Total turns spent on level
                    A         B        C        D         E        F      G
               +---------+---------+-------+---------+---------+-------+---------
         Total |       0 | 1219129 |   0.0 |       0 |    2163 |   0.0 | 68959
               +---------+---------+-------+---------+---------+-------+---------
           D:1 |       0 |      59 |   0.0 |       0 |      28 |   0.0 |  1200
           D:2 |       0 |      86 |   0.0 |       0 |      21 |   0.0 |  1882
           D:3 |       0 |     118 |   0.0 |       0 |      19 |   0.0 |   860
           D:4 |       0 |     543 |   0.0 |       0 |      15 |   0.0 |  1010
           D:5 |       0 |     822 |   0.0 |       0 |      34 |   0.0 |  1789
           D:6 |       0 |    1828 |   0.0 |       0 |      23 |   0.0 |  1887
           D:7 |       0 |     989 |   0.0 |       0 |      21 |   0.0 |  1094
           D:8 |       0 |    5184 |   0.0 |       0 |      33 |   0.0 |  2483
           D:9 |       0 |    3069 |   0.0 |       0 |      25 |   0.0 |  2156
          D:10 |       0 |    3101 |   0.0 |       0 |      30 |   0.0 |  1098
          D:11 |       0 |    5337 |   0.0 |       0 |      24 |   0.0 |   836
          D:12 |       0 |    5063 |   0.0 |       0 |      36 |   0.0 |   811
          D:13 |       0 |    4496 |   0.0 |       0 |      19 |   0.0 |   707
          D:14 |       0 |    2364 |   0.0 |       0 |       7 |   0.0 |   505
          D:15 |       0 |   50571 |   0.0 |       0 |      88 |   0.0 |  1280
        Lair:1 |       0 |    3590 |   0.0 |       0 |      15 |   0.0 |  1905
        Lair:2 |       0 |    5505 |   0.0 |       0 |      19 |   0.0 |  1373
        Lair:3 |       0 |    6362 |   0.0 |       0 |      28 |   0.0 |  1014
        Lair:4 |       0 |    7826 |   0.0 |       0 |      24 |   0.0 |  1190
        Lair:5 |       0 |    4254 |   0.0 |       0 |      15 |   0.0 |  1290
        Lair:6 |       0 |   13291 |   0.0 |       0 |      68 |   0.0 |  1291
       Swamp:1 |       0 |   12818 |   0.0 |       0 |      37 |   0.0 |  1079
       Swamp:2 |       0 |    7694 |   0.0 |       0 |      24 |   0.0 |   555
       Swamp:3 |       0 |   24627 |   0.0 |       0 |      54 |   0.0 |  1897
       Swamp:4 |       0 |   27445 |   0.0 |       0 |      47 |   0.0 |  1550
       Snake:1 |       0 |   21983 |   0.0 |       0 |      40 |   0.0 |  1185
       Snake:2 |       0 |   36451 |   0.0 |       0 |      49 |   0.0 |  1612
       Snake:3 |       0 |   22724 |   0.0 |       0 |      37 |   0.0 |  1204
       Snake:4 |       0 |   52233 |   0.0 |       0 |      93 |   0.0 |  2445
       Slime:1 |       0 |    1008 |   0.0 |       0 |       4 |   0.0 |    32
       Slime:2 |       0 |     799 |   0.0 |       0 |       3 |   0.0 |    77
       Slime:3 |       0 |    2362 |   0.0 |       0 |       1 |   0.0 |    85
       Slime:4 |       0 |   16004 |   0.0 |       0 |      26 |   0.0 |   491
       Slime:5 |       0 |   59885 |   0.0 |       0 |      44 |   0.0 |  1174
         Orc:1 |       0 |    6764 |   0.0 |       0 |      53 |   0.0 |  1451
         Orc:2 |       0 |   13286 |   0.0 |       0 |      86 |   0.0 |  1296
         Elf:1 |       0 |   32903 |   0.0 |       0 |      56 |   0.0 |  1386
         Elf:2 |       0 |   48959 |   0.0 |       0 |      60 |   0.0 |  3542
         Elf:3 |       0 |   44789 |   0.0 |       0 |      43 |   0.0 |  1554
      Vaults:1 |       0 |   53146 |   0.0 |       0 |      91 |   0.0 |  1646
      Vaults:2 |       0 |   39782 |   0.0 |       0 |      72 |   0.0 |  1568
      Vaults:3 |       0 |   71683 |   0.0 |       0 |     118 |   0.0 |  2155
      Vaults:4 |       0 |   57058 |   0.0 |       0 |      67 |   0.0 |  2177
      Vaults:5 |       0 |  135390 |   0.0 |       0 |     128 |   0.0 |  1157
      Depths:1 |       0 |   22194 |   0.0 |       0 |      33 |   0.0 |   787
      Depths:2 |       0 |   66869 |   0.0 |       0 |      74 |   0.0 |  1301
      Depths:3 |       0 |   85514 |   0.0 |       0 |      79 |   0.0 |  3055
      Depths:4 |       0 |   58797 |   0.0 |       0 |      46 |   0.0 |  1668
      Depths:5 |       0 |   65322 |   0.0 |       0 |      58 |   0.0 |  1268
         Sewer |       0 |      55 |   0.0 |       0 |      20 |   0.0 |   455
         IceCv |       0 |    6127 |   0.0 |       0 |      28 |   0.0 |  1209
               +---------+---------+-------+---------+---------+-------+---------
